 Dungeon Crawl Stone Soup version 0.30-a0-605-gb2882149bf (webtiles) character file.

Game seed: 13959472057374186240

77 OTABOTABOTAB the Insei (level 4, 0/42 HPs)
             Began as an Octopode Transmuter on Jan 8, 2023.
             Slain by a gnoll
             ... wielding a +0 spear
              (6 damage)
             ... on level 2 of the Dungeon.
             The game lasted 00:02:36 (1087 turns).

OTABOTABOTAB the Insei (Octopode Transmuter)        Turns: 1087, Time: 00:02:37

Health: 0/42       AC: 22    Str: 15    XL:     4   Next: 33%
Magic:  7/7        EV:  2    Int: 23    God:
Gold:   91         SH:  0    Dex: 12    Spells: 6/7 levels left

rFire   . . .      SeeInvis .      - Unarmed
rCold   . . .      Faith    .    (no shield)
rNeg    . . .      Spirit   .    (helmet currently unavailable)
rPois   +          Reflect  .    (no amulet)
rElec   .          Harm     .    b - +6 ring of strength
rCorr   .          Rampage  .    e - +6 ring of intelligence
Will    .....      NoTele   +    (no ring)
Stlth   +                        (no ring)
HPRegen 0.27/turn                (no ring)
MPRegen 0.10/turn                (no ring)
                                 (no ring)
                                 (no ring)

@: tree-form (expiring)
A: stationary, stasis, torment immunity, boosted hp, almost no armour,
(amphibious), 8 rings, (camouflage 1), (gelatinous body 1), (nimble swimmer 1),
(tentacles)
a: no special abilities


You were on level 2 of the Dungeon.
You were a tree.
You visited 1 branch of the dungeon, and saw 2 of its levels.

You collected 91 gold pieces.

Inventory:

Magical Staves
 g - a staff of death {rN+}
   (You found it on level 1 of the Dungeon)
Jewellery
 b - a +6 ring of strength (left branch)
   (You found it on level 1 of the Dungeon)
 e - a +6 ring of intelligence (right branch)
   (You found it on level 1 of the Dungeon)
Scrolls
 c - 2 scrolls of teleportation
 d - a scroll of identify


   Skills:
 - Level 1.0 Fighting
 - Level 2.0 Dodging
 + Level 4.1 Unarmed Combat
 - Level 2.0 Spellcasting
 + Level 3.4 Transmutations


You had 6 spell levels left.
You knew the following spells:

 Your Spells              Type           Power      Damage    Failure   Level
a - Beastly Appendage     Tmut           36%        N/A       3%          1

Your spell library contained the following spells:

 Spells                   Type           Power      Damage    Failure   Level
 Wereblood                Tmut           18%        N/A       4%          2
 Spider Form              Tmut/Pois      10%        N/A       19%         3
 Ice Form                 Ice/Tmut       10%        N/A       54%         4


Dungeon Overview and Level Annotations

Branches:
Dungeon (2/15)

Altars:
Nemelex Xobeh


Innate Abilities, Weirdness & Mutations

You are a tree.
Your roots penetrate the ground, keeping you stationary.
You cannot be teleported.
You are immune to unholy pain and torment.
Your maximum health is greatly increased.
You cannot wear most types of armour.
((You are amphibious.))
You can wear up to eight rings at the same time.
((Your skin changes colour to match your surroundings (Stealth+).))
((Your rubbery body absorbs attacks. (AC +1, EV +1)))
((You are camouflaged when in or above water. (Stealth+)))
((You have tentacles for arms and can constrict up to eight enemies at once.))


Message History

You miss the adder.
The ball python hisses angrily.
Your grab misses the adder.
Your tentacle spike misses the adder.
You feel sick. The adder barely misses you.
You closely miss the adder. Your grab misses the adder.
Your squeeze misses the adder.
You feel sick. The adder misses you.
You take 1 damage, and have 21/23 hp.
You tentacle-slap the adder.
You kill the adder!
You feel sick.
You take 1 damage, and have 20/23 hp.
You feel sick.
You are no longer poisoned.
You take 1 damage, and have 19/23 hp.
MP restored: 6 A gnoll comes into view. It is wielding a +0 spear.
The gnoll shouts!
You tentacle-slap the gnoll. You grab the gnoll.
You pierce the gnoll, but do no damage.
You squeeze the gnoll. You constrict the gnoll.
The gnoll hits you with a +0 whip!
You take 10 damage, and have 10/23 hp.
MASSIVE DAMAGE!!
Really quaff
a - a potion of lignification {!q}?
Really quaff the potion of lignification?
Your tentacle spike disappears.
You turn into a tree.
Your roots penetrate the ground.
You lose your grip on the gnoll.
The gnoll hits you but does no damage.
You now have 15/34 hp.
You smack the gnoll!
You kill the gnoll!
The gnoll hits you but does no damage. x2
The ball python bites you but does no damage.
The ball python grabs you. The ball python constricts you.
Your Unarmed Combat skill increases to level 4!
You have reached level 4!
You regained 3 hp, and now have 18/42 hp.
MP restored: 7 You hit the ball python.
The gnoll hits you from afar with a +0 spear.
A gnoll comes into view. It is wielding a +0 whip.
The gnoll hits you but does no damage.
The ball python bites you but does no damage.
The ball python constricts you.
You take 1 damage, and have 17/42 hp.
You smack the ball python!
You kill the ball python!
The gnoll hits you but does no damage. x2
You cannot move.
Smack: -) Branches That would be overly suicidal.
Okay, then.
Unknown command.
You aren't carrying any items that you can evoke.
Throw: 2 darts (poison)
Aim: a gnoll, wielding a +0 spear and quivering a throwing net (60% to hit)
You throw a poisoned dart. The poisoned dart hits the gnoll.
The gnoll hits you but does no damage. x2
Throw: dart (poison)
Aim: a gnoll, wielding a +0 spear and quivering a throwing net (60% to hit)
You throw a poisoned dart. The poisoned dart hits the gnoll.
The gnoll is poisoned.
The gnoll hits you but does no damage. x2
You smack the gnoll!
You punch the gnoll.
You kill the gnoll!
The gnoll hits you but does no damage.
The gnoll throws a throwing net.
The throwing net hits you.
You become entangled in the net!
You struggle against the net.
The gnoll hits you from afar with a +0 spear.
The gnoll hits you but does no damage.
You take 2 damage, and have 16/42 hp.
You struggle against the net.
The gnoll barely misses you. The gnoll hits you but does no damage.
You shred the net and break free!
The gnoll hits you from afar with a +0 spear.
The gnoll hits you but does no damage.
You take 1 damage, and have 15/42 hp.
You aren't carrying any potions.
You aren't carrying any potions.
Okay, then.
You aren't carrying any potions.
Okay, then.
The gnoll hits you but does no damage. x2
The gnoll looks more healthy.
The gnoll hits you but does no damage. x2
The gnoll hits you but does no damage. x2
Your transformation is almost over.
The gnoll hits you from afar with a +0 spear.
* * * LOW HITPOINT WARNING * * *
The gnoll hits you from afar with a +0 spear.
* * * LOW HITPOINT WARNING * * *
You take 7 damage, and have 9/42 hp.
Unknown command.
The gnoll hits you but does no damage.
The gnoll hits you from afar with a +0 spear.
* * * LOW HITPOINT WARNING * * *
You take 3 damage, and have 6/42 hp.
The gnoll hits you but does no damage.
The gnoll hits you from afar with a +0 spear.
You die...

## ..# g.# ..## #.
S.. #### #. ..#
...########.# ..#
.............#####g.#
##.#######....g)♣)..#
#.# #.....###.## #.#
#.....# .#
##.#######.._..# ..
...............# ###
#######..#.....# #
#..##....# #
#..####..# # #..#
#..#


You could see 2 gnolls.

Vanquished Creatures
  2 gnolls (D:2)
  2 adders (D:2)
  2 dart slugs
  2 orcs (D:2)
  4 ball pythons
  An endoplasm (D:2)
  A giant cockroach (D:1)
  2 hobgoblins (D:1)
  6 jackals
  2 kobolds (D:1)
  A quokka (D:2)
  4 bats (D:1)
  2 frilled lizards
  A goblin (D:1)
  3 rats
35 creatures vanquished.

Notes
Turn   | Place    | Note
-------+----------+-------------------------------------------
     0 | D:1      | OTABOTABOTAB the Octopode Transmuter began the quest for
                  | the Orb.
     0 | D:1      | Reached XP level 1. HP: 13/13 MP: 3/3
   107 | D:1      | Reached XP level 2. HP: 15/18 MP: 3/5
   654 | D:1      | Reached XP level 3. HP: 22/23 MP: 6/6
   918 | D:2      | Reached skill level 3 in Transmutations
  1047 | D:2      | Found a sparkling altar of Nemelex Xobeh.
  1074 | D:2      | Reached skill level 4 in Unarmed Combat
  1074 | D:2      | Reached XP level 4. HP: 18/28 MP: 7/7
  1085 | D:2      | HP: 9/42 [gnoll/+0 spear (3)]
  1087 | D:2      | Slain by a gnoll

Illustrated notes

Levels and vault maps discovered:
D:1:      minmay_arrival_plants_in_alcoves, layout_basic
D:2:      layout_loops_ring, basic_altar, supply_closet_lemuel

Skill      XL: |  1  2  3 |
---------------+----------+-----
Transmutations | 3 |  3.4
Unarmed Combat | 4 |  4.1
Fighting       | |  1.0
Dodging        | |  2.0
Spellcasting   | |  2.0

Action                   |  1- 3 |  4- 6 || total
-------------------------+-------+-------++-------
Melee: Unarmed           |    64 |     3 ||    67
       Kick              |    16 |       ||    16
       Tentacles         |    13 |       ||    13
       Constrict         |    13 |       ||    13
       Punch             |       |     1 ||     1
Throw: Dart              |       |     2 ||     2
 Cast: Beastly Appendage |    20 |       ||    20
 Abil: End Transformatio |    15 |       ||    15
  Use: Scroll            |     4 |       ||     4
       Potion            |     1 |       ||     1
 Stab: Sleeping          |     5 |       ||     5
Armor: Skin              |     9 |    20 ||    29
Dodge: Dodged            |    33 |     1 ||    34

Table legend: (Time is in decaauts)
 A = Elapsed time spent in this place.
 B = Non-inter-level travel time spent in this place.
 C = Inter-level travel time spent in this place.
 D = Time resting spent in this place.
 E = Time spent auto-exploring this place.
 F = Levels seen in this place.
 G = Mean time per level.
                   A        B        C        D        E       F      G
               +--------+--------+--------+--------+--------+-----+--------+
         Total |   1081 |   1058 |     23 |    147 |    675 |   2 |  540.5 |
       Dungeon |   1081 |   1058 |     23 |    147 |    675 |   2 |  540.5 |
               +--------+--------+--------+--------+--------+-----+--------+

Top non-repeatable levels by time:
     D:1: 832 daAuts
     D:2: 248 daAuts

Table legend:
 A = Kills in this place as a percentage of kills in entire the game.
 B = Kills by you in this place as a percentage of kills by you in the entire game.
 C = Kills by friends in this place as a percentage of kills by friends in the entire game.
 D = Other kills in this place as a percentage of other kills in the entire game.
 E = Experience gained in this place as a percentage of experience gained in the entire game.
 F = Experience gained in this place divided by the number of levels of this place that you have seen.
                   A       B       C       D       E      F
               +-------+-------+-------+-------+-------+----------------------
         Total | 100.0 | 100.0 |   N/A |   N/A | 100.0 |  55.0
       Dungeon | 100.0 | 100.0 |   N/A |   N/A | 100.0 |  55.0
               +-------+-------+-------+-------+-------+----------------------
